 Dungeon Crawl Stone Soup version 0.21-a0-426-g98080a9 (webtiles) character file.

4378 theanonym the Thaumaturge (level 10, -3/64 HPs)
             Began as a Mummy Ice Elementalist on Nov 6, 2017.
             Was an Elder of Sif Muna.
             Slain by a yak (4 damage)
             ... on level 8 of the Dungeon.
             The game lasted 00:49:58 (14146 turns).

theanonym the Thaumaturge (Mummy Ice Elementalist) Turns: 14146, Time: 00:49:59

Health: -3/64      AC: 15    Str: 12    XL:     10   Next: 13%
Magic:  1/23       EV: 12    Int: 17    God:    Sif Muna [****..]
Gold:   426        SH:  0    Dex: 13    Spells: 14/28 levels left

rFire    . . .     SeeInvis .   t - staff of summoning
rCold    + . .     Gourm    .   (no shield)
rNeg     + + +     Faith    .   m - +2 animal skin
rPois    ∞         Spirit   .   u - +2 helmet
rElec    .         Reflect  .   e - +0 cloak
rCorr    .         Harm     .   i - +0 pair of gloves
MR       +....                  (no boots)
Stlth    +++.......             (no amulet)
HPRegen  0.20/turn              k - ring of stealth
MPRegen  0.18/turn              v - ring of protection from fire

@: icy armour, very slightly contaminated, divine energy, slow
A: no food or potions, fire vulnerability, cold resistance 1, negative energy
resistance 3, torment resistance, unbreathing
a: Stop Divine Energy, Channel Magic, Forget Spell, Renounce Religion


Innate Abilities, Weirdness & Mutations

You do not eat or drink.
Your flesh is vulnerable to fire.
You are immune to poison.
Your flesh is cold resistant. (rC+)
You are immune to negative energy. (rN+++)
You are immune to unholy pain and torment.
You can survive without breathing.


   Skills:
 + Level 0.3 Fighting
 - Level 1.5 Dodging
 - Level 1.5 Stealth
 + Level 9.8 Spellcasting
 + Level 4.7 Conjurations
 - Level 5.0 Summonings
 + Level 7.2 Ice Magic
 + Level 3.6 Invocations


You had 14 spell levels left.
You knew the following spells:

 Your Spells              Type           Power        Failure   Level  Hunger
a - Freeze                Ice            ####         1%          1    N/A
b - Throw Frost           Conj/Ice       ####..       1%          2    N/A
c - Summon Ice Beast      Ice/Summ       #####...     7%          4    N/A
d - Throw Icicle          Conj/Ice       ####....     8%          4    N/A
g - Ozocubu's Armour      Chrm/Ice       ###.....     6%          3    N/A

Skill      XL: |  1  2  3  4  5  6  7  8  9 |
---------------+----------------------------+-----
Spellcasting   | 3 4 5 6 8 9 |  9.8
Ice Magic      | 3 4 5 6 7 |  7.2
Conjurations   | 1 2 4 |  4.7
Summonings     | 1 2 3 5 |  5.0
Invocations    | 3 |  3.6
Fighting       | |  0.3
Dodging        | |  1.5
Stealth        | |  1.5

Action                   |  1- 3 |  4- 6 |  7- 9 | 10-12 || total
-------------------------+-------+-------+-------+-------++-------
Melee: Dagger            |    19 |    54 |    72 |       ||   145
       Staff             |       |       |    78 |     6 ||    84
 Cast: Freeze            |    76 |   111 |   148 |    13 ||   348
       Ozocubu's Armour  |     2 |    10 |    32 |     1 ||    45
       Throw Frost       |       |     3 |    40 |     2 ||    45
       Summon Ice Beast  |       |       |    51 |     7 ||    58
       Throw Icicle      |       |       |    10 |       ||    10
Invok: Divine Energy     |       |       |     1 |       ||     1
Evoke: Wand              |       |       |     1 |       ||     1
  Use: Scroll            |     3 |     2 |     4 |     5 ||    14
 Stab: Sleeping          |       |     2 |     3 |       ||     5
       Distracted        |       |       |     3 |       ||     3
Armor: Robe              |    17 |    10 |       |       ||    27
       Animal skin       |       |    29 |   127 |     6 ||   162
Dodge: Dodged            |    72 |   112 |   210 |    10 ||   404

Inventory:

Hand Weapons
 q - a +3 vampiric dagger
   (You took it off Dowan on level 5 of the Dungeon)
Missiles
 o - 3 curare-tipped needles
Armour
 e - a +0 cloak (worn)
   (You took it off Crazy Yiuf on level 3 of the Dungeon)
 i - a +0 pair of gloves (worn)
   (You found it on level 2 of the Dungeon)
 m - a +2 animal skin (worn)
   (You took it off Robin on level 2 of the Dungeon)
 u - a +2 helmet (worn)
   (You found it on level 8 of the Dungeon)
Magical Staves
 a - an uncursed staff of fire
   (You found it on level 3 of the Dungeon)
 t - an uncursed staff of summoning (weapon)
   (You found it on level 6 of the Dungeon)
Jewellery
 k - a ring of stealth (left hand)
   (You found it on level 2 of the Dungeon)
 p - a +3 ring of dexterity
   (You took it off an orc wizard on level 5 of the Dungeon)
 v - a ring of protection from fire (right hand)
   (You found it on level 8 of the Dungeon)
Wands
 c - a wand of confusion (13/48)
   (You took it off a crimson imp on level 5 of the Dungeon)
Scrolls
 d - 3 scrolls of teleportation {!r}
 f - 3 scrolls of fog {!r}
 g - 2 scrolls of enchant armour
 j - a scroll of remove curse
 n - a scroll of recharging
 s - 3 scrolls of enchant weapon {unknown}
Books
 b - a book of Frost

   Spells                             Type                      Level
   a - Freeze                         Ice                          1
   b - Throw Frost                    Conjuration/Ice              2
   c - Ozocubu's Armour               Charms/Ice                   3
   d - Throw Icicle                   Conjuration/Ice              4
   e - Summon Ice Beast               Ice/Summoning                4

Dungeon Overview and Level Annotations

Branches:
Dungeon (8/15)             Temple (1/1) D:4            Lair (1/6) D:8

Altars:
Ashenzari
Dithmenos
Elyvilon
Fedhas
Gozag
Hepliaklqana
Kikubaaqudgha
Makhleb
Nemelex Xobeh
Okawaru
Qazlal
Ru
Sif Muna
Uskayaw
Vehumet
Wu Jian
Xom
Yredelemnul
Zin
The Shining One

Shops:
D:5 :

Annotations:
D:6 3 exclusions, Sigmund
D:7 exclusions: centaur and sky beast


You were on level 8 of the Dungeon.
You worshipped Sif Muna.
Sif Muna was greatly pleased with you.
You were not hungry.

You visited 3 branches of the dungeon, and saw 10 of its levels.

You collected 426 gold pieces.


Message History

Welcome back, theanonym the Mummy Ice Elementalist.
Sif Muna whispers: I know many secrets...
Unknown command.
Unknown command.
Unknown command.
Unknown command.
Unknown command.
Unknown command.
Unknown command.
Unknown command.
A film of ice covers your body!
You now have 20/23 mp.
You climb downwards.
Welcome back to the Lair of Beasts!
The yak closely misses you. The yak gores you! x3
There is a staircase back to the Dungeon here.
Things that are here:
a wand of random effects (?/48); a +0 helmet You take 30 damage, and have 33/63 hp.
MASSIVE DAMAGE!!
The yak misses you.
The yak gores you but does no damage. x2
The yak gores you.
* * * LOW HITPOINT WARNING * * *
You climb upwards.
Welcome back to the Dungeon!
There is a staircase to the Lair here.
You take 2 damage, and have 31/63 hp.
Unknown command.
Blink to where?
You are very lightly contaminated with residual magic.
As you read the scroll of blinking, it crumbles to dust.
You feel a surge of power! A chill wind blows around you.
You now have 17/23 mp.
You feel a surge of power! A chill wind blows around you.
You now have 13/23 mp.
The yak gores your ice beast! x2; Your ice beast hits the yak.
Your ice beast freezes the yak.
Your ice beast barely misses the yak.
The yak closely misses your ice beast.
The yak gores your ice beast but does no damage.
Your ice beast hits the yak.
Your ice beast freezes the yak!
Your ice beast hits the yak but does no damage.
The yak barely misses your ice beast. The yak gores your ice beast!
Your ice beast hits the yak.
Your ice beast freezes the yak!
Your ice beast hits the yak.
Your ice beast freezes the yak!
The yak barely misses your ice beast. x2
The yak closely misses your ice beast.
Your ice beast hits the yak but does no damage.
Your ice beast barely misses the yak.
The yak barely misses your ice beast. The yak gores your ice beast.
The yak closely misses your ice beast.
Your ice beast hits the yak but does no damage.
Your ice beast hits the yak.
Your ice beast freezes the yak!
The yak dies!
Sif Muna accepts your kill. The yak gores your ice beast!
Your ice beast dies!
Your ice beast hits the yak.
Your ice beast freezes the yak!
Aim: a yak (lightly wounded)
You miscast Throw Frost.
Sif Muna protects you from the effects of your miscast!
The yak gores your ice beast!
Your ice beast dies!
You now have 13/23 mp.
You feel a surge of power! A chill wind blows around you.
* * * LOW MAGIC WARNING * * *
The yak gores your ice beast but does no damage.
You now have 9/23 mp.
You feel a surge of power! A chill wind blows around you.
* * * LOW MAGIC WARNING * * *
The yak gores you but does no damage.
Your ice beast closely misses the yak.
You now have 5/23 mp.
You feel a surge of power! A chill wind blows around you.
* * * LOW MAGIC WARNING * * *
The yak gores you!
* * * LOW HITPOINT WARNING * * *
The yak misses you.
Your ice beast closely misses the yak.
Your ice beast hits the yak but does no damage.
You take 14 damage, and have 20/63 hp.
MASSIVE DAMAGE!!
You now have 1/23 mp.
Unknown command.
You can't drink.
Unknown command.
As you read the scroll labeled IRONAOT URPH, it crumbles to dust.
You feel blessed for a moment.
It was a scroll of remove curse.
The yak gores you but does no damage. The yak gores you!
* * * LOW HITPOINT WARNING * * *
Your ice beast hits the yak but does no damage.
Your ice beast hits the yak.
The yak dies!
Sif Muna accepts your kill.
Your ice beast closely misses the yak.
You take 10 damage, and have 10/64 hp.
Unknown command.
Okay, then.
Unknown command.
As you read the scroll labeled USATURO HYIQ, it crumbles to dust.
It is a scroll of recharging.
Charge which item? (? for menu, Esc to quit)
Really abort (and waste the scroll)?
Okay, then.
The yak gores you!
* * * LOW HITPOINT WARNING * * *
The yak gores you.
You die...

#PP†..P.P..P##
#PP.>........##
#P............#
#.............#
#P..........#.# #
##.P...†...##.# ##
###.Y†Y.####.# #.
###Y###....########.
#@YY....###.......
#####...# #.......
#...###....... ###
#.....#....... #.#
#...#......... #.#
#...##..####.#
#.###...###..###.#
#..###.## ##.##..#
###...##.# #.##...


You could see 2 yaks and 3 friendly ice beasts.

Notes
Turn   | Place    | Note
-------+----------+-------------------------------------------
     0 | D:1      | theanonym the Mummy Ice Elementalist began the quest for the Orb.
     0 | D:1      | Reached XP level 1. HP: 13/13 MP: 4/4
    88 | D:1      | Reached skill level 3 in Spellcasting
   234 | D:1      | Reached XP level 2. HP: 10/19 MP: 0/6
   774 | D:1      | HP: 6/19 [dart slug/slug dart (5)]
  1098 | D:1      | Reached skill level 3 in Ice Magic
  1214 | D:2      | Reached XP level 3. HP: 24/24 MP: 4/8
  1373 | D:2      | Learned a level 2 spell: Throw Frost
  1377 | D:2      | Learned a level 3 spell: Ozocubu's Armour
  1470 | D:2      | HP: 9/24 [worm (8)]
  1812 | D:2      | Noticed a sky beast
  2209 | D:2      | Reached skill level 1 in Conjurations
  2302 | D:2      | Found an iron altar of Okawaru.
  2624 | D:3      | HP: 12/24 [orc priest/divine providence (12)]
  2770 | D:3      | Noticed Robin
  2781 | D:2      | Reached skill level 4 in Spellcasting
  2781 | D:2      | Reached XP level 4. HP: 22/30 MP: 1/10
  2952 | D:3      | Noticed Grinder
  2995 | D:3      | Noticed Terence
  3001 | D:3      | Learned a level 4 spell: Summon Ice Beast
  3006 | D:3      | Killed Terence
  3283 | D:2      | Killed Robin
  3514 | D:2      | HP: 15/30 [hobgoblin[Robin] (5)]
  3520 | D:2      | HP: 13/30 [hobgoblin[Robin] (2)]
  3710 | D:3      | Reached XP level 5. HP: 35/35 MP: 2/11
  4459 | D:3      | HP: 17/35 [orc priest/dagger (4)]
  4789 | D:4      | Reached skill level 2 in Conjurations
  4789 | D:4      | Reached skill level 1 in Summonings
  4789 | D:4      | Reached skill level 4 in Ice Magic
  4884 | D:4      | Reached XP level 6. HP: 41/41 MP: 8/13
  5009 | D:4      | Reached skill level 5 in Spellcasting
  5063 | D:4      | Found a staircase to the Ecumenical Temple.
  5105 | Temple   | Entered the Ecumenical Temple
  5225 | Temple   | Became a worshipper of Sif Muna the Loreminder
  5456 | D:4      | HP: 18/41 [centaur skeleton (6)]
  5667 | D:4      | Noticed Edmund
  5931 | D:4      | Reached skill level 2 in Summonings
  6066 | D:4      | Reached XP level 7. HP: 44/46 MP: 9/15
  6293 | D:4      | Found a radiant altar of Vehumet.
  6295 | D:4      | Found a blossoming altar of Fedhas.
  6295 | D:4      | Found a burning altar of Makhleb.
  6574 | D:5      | Entered Level 5 of the Dungeon
  6866 | D:5      | Reached skill level 6 in Spellcasting
  7015 | D:5      | Noticed Duvessa
  7015 | D:5      | Noticed Dowan
  7120 | D:4      | Killed Edmund
  7309 | D:3      | Found a runed door.
  7412 | D:3      | Paralysed by Grinder for 2 turns
  7418 | D:3      | Killed Grinder
  7418 | D:3      | Reached * piety under Sif Muna
  7418 | D:3      | Reached skill level 3 in Summonings
  7418 | D:3      | Reached skill level 5 in Ice Magic
  7674 | D:3      | Noticed Crazy Yiuf
  7683 | D:3      | Killed Crazy Yiuf
  8223 | D:5      | Reached XP level 8. HP: 33/52 MP: 6/18
  8357 | D:5      | Noticed Prince Ribbit
  8362 | D:5      | Killed Prince Ribbit
  8362 | D:5      | Reached skill level 7 in Spellcasting
  8387 | D:5      | Killed Duvessa
  8387 | D:5      | Reached skill level 4 in Summonings
  8394 | D:5      | Killed Dowan
  8543 | D:5      | Found Byxzusof's Book Shop.
  8578 | D:5      | Reached ** piety under Sif Muna
  8811 | D:5      | HP: 20/52 [iguana (8)]
  9139 | D:5      | Found a hide-covered altar of Uskayaw.
  9141 | D:5      | Found an opulent altar of Gozag.
  9942 | D:6      | Noticed Sigmund
  9976 | D:6      | Reached skill level 5 in Summonings
 10509 | D:7      | Learned a level 4 spell: Throw Icicle
 10585 | D:7      | Reached skill level 8 in Spellcasting
 10585 | D:7      | Reached skill level 6 in Ice Magic
 10820 | D:7      | Reached *** piety under Sif Muna
 10820 | D:7      | Reached XP level 9. HP: 43/57 MP: 8/21
 11131 | D:7      | Reached skill level 3 in Conjurations
 11281 | D:8      | HP: 24/57 [centaur/arrow (11)]
 11710 | D:8      | HP: 27/57 [killer bee (3)]
 11923 | D:7      | Reached skill level 1 in Invocations
 12644 | D:8      | Reached skill level 9 in Spellcasting
 12774 | D:8      | Reached skill level 2 in Invocations
 12892 | D:8      | Noticed a komodo dragon
 12900 | D:8      | Killed a komodo dragon
 13055 | D:8      | Noticed a two-headed ogre
 13073 | D:8      | Killed a two-headed ogre
 13073 | D:8      | Reached **** piety under Sif Muna
 13073 | D:8      | Reached skill level 4 in Conjurations
 13073 | D:8      | Reached skill level 7 in Ice Magic
 13073 | D:8      | Reached skill level 3 in Invocations
 13202 | D:8      | Found a shadowy altar of Dithmenos.
 13329 | D:8      | Found a staircase to the Lair.
 13576 | D:8      | HP: 21/57 [orc/wand of lightning (?/15) (21)]
 13816 | Lair:1   | Entered Level 1 of the Lair of Beasts
 13816 | Lair:1   | Noticed a rime drake
 13824 | Lair:1   | Killed a rime drake
 13824 | Lair:1   | Reached XP level 10. HP: 38/63 MP: 8/23
 14129 | Lair:1   | HP: 31/63 [yak (2)]
 14144 | D:8      | HP: 20/63 [yak (14)]
 14146 | D:8      | HP: 1/64 [yak (10)]
 14146 | D:8      | Slain by a yak

Vanquished Creatures
  2 yaks
  Edmund (D:4)
  A water moccasin (D:7)
  2 orc warriors
  An ice beast (D:7)
  A centaur (D:6)
  A big kobold (D:8)
  4 bullfrogs
  2 scorpions
  3 killer bees
  2 wights (D:7)
  3 howler monkeys
  5 crimson imps
  An orc priest (D:3)
  A hound (D:8)
  A centaur skeleton (D:4)
  An orc wizard (D:6)
  A bullfrog skeleton (D:4)
  Terence (D:3)
  An iguana (D:4)
  8 worker ants
  A hound skeleton (D:5)
  Robin (D:2)
  A gnoll (D:2)
  6 adders
  A shadow imp (D:5)
  3 adder zombies
  3 worms
  2 dart slugs (D:1)
  4 leopard geckos
  26 orcs
  2 ball pythons
  3 giant cockroaches
  13 hobgoblins
  2 jackals (D:6)
  4 quokkas
  A ball python zombie (D:4)
  7 bats
  7 frilled lizards
  A giant cockroach zombie (D:6)
  13 goblins
  A jackal skeleton (D:5)
  5 kobolds
  2 leopard gecko skeletons
  A quokka skeleton (D:5)
  A quokka zombie (D:7)
  8 rats
162 creatures vanquished.

Vanquished Creatures (collateral kills)
  A two-headed ogre (D:8)
  A rime drake (Lair:1)
  A komodo dragon (D:8)
  Grinder (D:3)
  Prince Ribbit (D:5)
  3 yaks
  Duvessa (D:5)
  An ice beast (D:8)
  A sky beast (D:2)
  An orc warrior (D:7)
  3 centaurs
  A bullfrog (D:7)
  Dowan (D:5)
  A killer bee (D:8)
  3 wights
  3 crimson imps
  A hound (D:5)
  Crazy Yiuf (D:3)
  2 orc priests
  An iguana (D:5)
  8 orc wizards
  An adder (D:5)
  2 shadow imps (D:5)
  10 orcs
  A giant cockroach (D:7)
51 creatures vanquished.

Vanquished Creatures (others)
  30 plants
30 creatures vanquished.

Grand Total: 243 creatures vanquished
